 Dungeon Sprint DCSS version 0.19-a0-895-gdbd5520 (webtiles) character file.

145 LORDOFBUTT the Cudgeler (level 5, 0/42 HPs)
             Began as a Demonspawn Gladiator on July 5, 2016.
             Slain by a sky beast (6 damage)
             ... in the Dungeon (Sprint IX: "|||||||||||||||||||||||||||||").
             The game lasted 00:00:26 (114 turns).

LORDOFBUTT the Cudgeler (Demonspawn Gladiator)       Turns: 114, Time: 00:00:27

Health: 0/42       AC:  5    Str: 15    XL:     5   Next: 6%
Magic:  0/5        EV: 15    Int: 10    God:
Gold:   0          SH:  0    Dex: 14    Spells: 0 memorised, 4 levels left

rFire  . . .     SeeInvis .     a - +0 flail
rCold  . . .     Gourm    .     b - +0 leather armour
rNeg   . . .     Faith    .     (no shield)
rPois  .         Spirit   +     c - +0 helmet
rElec  .         Dismiss  .     (no cloak)
rCorr  .         Reflect  .     (no gloves)
SustAt .         Harm     .     (no boots)
MR     .....     NoTele   +     (no amulet)
Stlth  ++........               (no ring)
                                (no ring)

@: exhausted, slowed, very slow, not resistant to hostile enchantments,
unstealthy
A: rugged brown scales 1, nightstalker 1, magic shield
a: no special abilities


You were in the Dungeon.
You were not hungry.

You visited 1 branch

Inventory:

Hand Weapons
 a - a +0 flail (weapon)
Missiles
 d - 3 throwing nets (quivered)
Armour
 b - a +0 leather armour (worn)
 c - a +0 helmet (worn)
Scrolls
 k - a scroll of blinking
Potions
 e - a potion of curing
 h - a potion of haste
 i - 2 potions of magic
Comestibles
 f - a bread ration


   Skills:
 + Level 3.6 Fighting
 + Level 6.4 Maces & Flails
 + Level 3.1 Throwing
 + Level 1.9 Armour
 + Level 6.2 Dodging


You had 4 spell levels left.
You didn't know any spells.

Dungeon Overview and Level Annotations

Branches:
Dungeon (1/1)

Altars:


Innate Abilities, Weirdness & Mutations

You are partially covered in rugged brown scales. (AC +1, +3% HP)
You are slightly more attuned to the shadows.
When hurt, damage is shared between your health and your magic reserves.


Message History

The crimson imp completely misses you. The sky beast closely misses you.
The crimson imp blinks!
The sky beast hits you but does no damage.
You closely miss the sky beast.
The sky beast is heavily wounded.
The crimson imp blinks!
The sky beast hits you but does no damage.
The crimson imp closely misses you.
The sky beast hits you but does no damage.
You closely miss the sky beast.
The sky beast is heavily wounded.
The crimson imp barely misses you. The sky beast barely misses you.
You sock the sky beast!
The sky beast is severely wounded.
The crimson imp hits you.
* * * LOW HITPOINT WARNING * * *
The sky beast hits you.
* * * LOW HITPOINT WARNING * * *
The sky beast shocks you.
You die... ▓▓▓▓▓▓▓▓▓▓▓▓▓▓▓▓▓▓ +....Y@5....†...<▓ ▓▓▓▓▓▓▓▓▓▓▓▓▓▓▓▓▓▓

You could see a sky beast and a crimson imp.

Vanquished Creatures
  An ogre (D)
  A hound (D)
  An iguana (D)
  A dart slug (D)
  2 ball pythons (D)
  A bat (D)
  A goblin (D)
8 creatures vanquished.

Notes
Turn   | Place    | Note
-------+----------+-------------------------------------------
     0 | D        | LORDOFBUTT the Demonspawn Gladiator began the quest for the Orb.
     0 | D        | Reached XP level 1. HP: 16/16 MP: 1/1
    81 | D        | Noticed a sky beast
    81 | D        | Noticed a hound
    81 | D        | Noticed a crimson imp
    81 | D        | Noticed an iguana
    81 | D        | Noticed an ogre
    88 | D        | Killed an ogre
    88 | D        | Reached skill level 5 in Maces & Flails
    88 | D        | Reached skill level 1 in Armour
    88 | D        | Reached skill level 5 in Dodging
    88 | D        | Gained mutation: You are partially covered in rugged brown scales. (AC +1, +3% HP) [demonic ancestry]
    88 | D        | Reached XP level 2. HP: 22/24 MP: 2/2
    88 | D        | Reached XP level 3. HP: 26/29 MP: 3/3
    88 | D        | Gained mutation: You are slightly more attuned to the shadows. [demonic ancestry]
    88 | D        | Reached XP level 4. HP: 33/36 MP: 4/4
    98 | D        | Gained mutation: When hurt, damage is shared between your health and your magic reserves. [demonic ancestry]
    98 | D        | Reached XP level 5. HP: 20/42 MP: 5/5
   102 | D        | HP: 2/42 [something (5)]
   114 | D        | Slain by a sky beast

Vault maps used:
D:        linesprint

Skill      XL: |  1  2  3  4 |
---------------+-------------+-----
Maces & Flails | 5 6 |  6.4
Dodging        | 5 6 |  6.2
Throwing       | 2 3 |  3.1
Fighting       | 3 |  3.6
Armour         | 1 |  1.9

Action                   |  1- 3 |  4- 6 || total
-------------------------+-------+-------++-------
Melee: Flail             |    22 |    22 ||    44
  Use: Potion            |     1 |     1 ||     2
Armor: Leather armour    |     4 |    15 ||    19
Dodge: Dodged            |    21 |    20 ||    41
